 Dungeon Crawl Stone Soup version 0.29.0-4-gdea44cf6ec (webtiles) character file.

Game seed: 16141082828328304815

96 qw the Caller (level 4, -1/36 HPs)
             Began as a Ghoul Summoner on Sept 9, 2022.
             Slain by a gnoll
             ... wielding a +0 spear
              (3 damage)
             ... on level 3 of the Dungeon.
             The game lasted 00:01:11 (3309 turns).

qw the Caller (Ghoul Summoner)                      Turns: 3309, Time: 00:01:11

Health: -1/36      AC: 11    Str: 13    XL:     4   Next: 67%
Magic:  5/5        EV:  6    Int:  6    God:
Gold:   56         SH:  0    Dex: 14    Spells: 5/6 levels left

rFire   . . .      SeeInvis +   Y - +2 hand axe
rCold   + + .      Faith    .   (no shield)
rNeg    + + +      Spirit   .   j - +2 chain mail of Inference {rCorr Int-4 Dex+5 SInv}
rPois   inf        Reflect  .   e - +0 helmet
rElec   .          Harm     .   (no cloak)
rCorr   +          Rampage  .   (no gloves)
Will    .....                   (no boots)
Stlth   ..........              (no amulet)
HPRegen 0.00/turn               f - ring of protection from cold
MPRegen 0.09/turn               (no ring)

@: inhibited regen
A: claws 1, cold resistance 1, negative energy resistance 3, inhibited
regeneration, torment resistance 2, devour on kill
a: no special abilities


You were on level 3 of the Dungeon.
You visited 1 branch of the dungeon, and saw 3 of its levels.

You collected 56 gold pieces.


Innate Abilities, Weirdness & Mutations

You are immune to poison.
You have sharp fingernails.
Your flesh is cold resistant. (rC+)
You are immune to negative energy. (rN+++)
You do not regenerate when monsters are visible.
You are immune to unholy pain and torment.
You thrive by killing the living.


   Skills:
 - Level 2.0 Fighting
 - Level 2.9 Axes
 + Level 0.8 Armour
 - Level 1.7 Dodging
 - Level 2.1 Stealth
 - Level 1.7 Spellcasting
 - Level 3.6 Summonings


You had 5 spell levels left.
You knew the following spells:

 Your Spells              Type           Power      Damage    Failure   Level
a - Summon Small Mammal   Summ           16%        N/A       98%         1

Your spell library contained the following spells:

 Spells                   Type           Power      Damage    Failure   Level
 Call Imp                 Summ           4%         N/A       99%         2
 Call Canine Familiar     Summ           4%         N/A       100%        3
 Summon Guardian Golem    Hex/Summ       2%         N/A       100%        3
 Summon Lightning Spire   Summ/Air       2%         N/A       100%        4

Inventory:

Hand Weapons
 k - a +0 club
 Y - a +2 hand axe (weapon)
Armour
 e - a +0 helmet (worn)
 j - the +2 chain mail of Inference (worn) {rCorr Int-4 Dex+5 SInv}
   (You found it on level 2 of the Dungeon)

   Int:       It affects your intelligence (-4).
   Dex:       It affects your dexterity (+5).
   SInv:      It lets you see invisible.
   rCorr:     It protects you from acid and corrosion.
Jewellery
 f - a ring of protection from cold (left claw)
Scrolls
 b - a scroll of identify
Potions
 c - a potion of heal wounds {unknown}
 l - a potion of lignification {unknown}

Dungeon Overview and Level Annotations

Branches:
Dungeon (3/15)

Altars:


Message History

A gnoll comes into view. It is wielding a +0 whip.
You see here 15 gold pieces.
A gnoll comes into view. It is wielding a +0 spear.
3299 ||| Stepping ~*~*~tactically~*~*~ (stealth).
You closely miss the gnoll. The gnoll hits you with a +0 whip.
You hit the gnoll.
The gnoll is moderately wounded.
The gnoll hits you with a +0 whip.
You hit the gnoll.
The gnoll is heavily wounded.
The gnoll barely misses you.
You barely miss the gnoll.
The gnoll is heavily wounded.
The gnoll shouts!
You hear a shout! x2
A gnoll comes into view. It is wielding a +0 spear.
The gnoll hits you with a +0 whip. x2
You hit the gnoll.
The gnoll is severely wounded.
The gnoll hits you with a +0 whip.
A gnoll comes into view. It is wielding a +0 halberd.
The gnoll hits you but does no damage.
You hit the gnoll.
You kill the gnoll!
The gnoll closely misses you.
The gnoll hits you from afar with a +0 spear.
The gnoll hits you with a +0 spear.
Things that are here:
a +0 whip; 2 gold pieces; a gnoll corpse You closely miss the gnoll.
The gnoll hits you from afar with a +0 halberd.
The gnoll hits you from afar with a +0 spear!
The gnoll hits you with a +0 spear.
You barely miss the gnoll. The gnoll hits you but does no damage.
The gnoll hits you from afar with a +0 halberd.
You barely miss the gnoll. The gnoll barely misses you.
The gnoll hits you from afar with a +0 spear.
You die...

...#.####.........#
#......#......... .
#....#.#...#...# ..
#....#.#.g...# ##
#<#.........)..# ..
........##.....# .####
#.##..g.##.#...#......
#..........<.......
#.g@.g..#.#....##..
#.......#.#........
####$.....#....###.
#....#####.<....
#.#.... .....###
...#............ ...
.#####.....#.# #... $
.. .... . .


You could see 3 gnolls.

Vanquished Creatures
  2 gnolls
  2 adders (D:2)
  3 ball pythons
  3 endoplasms
  4 goblins
  3 hobgoblins
  A jackal (D:2)
  A quokka (D:1)
  4 bats
  2 frilled lizards (D:1)
  5 kobolds
  A rat (D:2)
31 creatures vanquished.

Vanquished Creatures (collateral kills)
  An adder (D:2)
  A dart slug (D:1)
  A ball python (D:2)
  2 bats (D:1)
  2 goblins (D:2)
  A jackal (D:2)
  2 kobolds (D:1)
  A quokka (D:2)
  A frilled lizard (D:2)
  A rat (D:1)
13 creatures vanquished.

Grand Total: 44 creatures vanquished

Notes
Turn   | Place    | Note
-------+----------+-------------------------------------------
     0 | D:1      | qw the Ghoul Summoner began the quest for the Orb.
     0 | D:1      | Reached XP level 1. HP: 14/14 MP: 2/2
     0 | D:1      | 0 ||| qw: Version: 0.1-a-113-g051387a
     0 | D:1      | 0 ||| qw: Game counter: 7035
     0 | D:1      | 0 ||| qw: Always use a shield: true
     0 | D:1      | 0 ||| qw: God list: Okawaru
     0 | D:1      | 0 ||| qw: Allow faded altars: false
     0 | D:1      | 0 ||| qw: Do Orc after D:15 true
     0 | D:1      | 0 ||| qw: Do second Lair branch before Depths: true
     0 | D:1      | 0 ||| qw: Lair rune preference: random
     0 | D:1      | 0 ||| qw: Plans: Normal
     0 | D:1      | 0 ||| PLANNING D:1-11
    25 | D:1      | 25 ||| CASTING Summon Small Mammal
    26 | D:1      | 26 ||| CASTING Summon Small Mammal
    52 | D:1      | 52 ||| Wielding weapon +0 club.
    98 | D:1      | 98 ||| CASTING Summon Small Mammal
    99 | D:1      | 99 ||| CASTING Summon Small Mammal
   104 | D:1      | Reached skill level 1 in Axes
   131 | D:1      | 131 ||| SWAPPING to +0 spear.
   132 | D:1      | 132 ||| DROPPING +0 club.
   246 | D:1      | 246 ||| CASTING Summon Small Mammal
   247 | D:1      | 247 ||| CASTING Summon Small Mammal
   258 | D:1      | 258 ||| CASTING Summon Small Mammal
   532 | D:1      | Found a faded altar of an unknown god.
   581 | D:1      | 581 ||| CASTING Summon Small Mammal
   582 | D:1      | 582 ||| CASTING Summon Small Mammal
   591 | D:1      | Reached XP level 2. HP: 22/22 MP: 0/3
   632 | D:1      | 632 ||| CASTING Summon Small Mammal
   633 | D:1      | 633 ||| CASTING Summon Small Mammal
   634 | D:1      | 634 ||| CASTING Summon Small Mammal
   640 | D:1      | Reached skill level 1 in Fighting
   682 | D:1      | 682 ||| CASTING Summon Small Mammal
   683 | D:1      | 683 ||| CASTING Summon Small Mammal
   684 | D:1      | 684 ||| CASTING Summon Small Mammal
   743 | D:1      | 743 ||| CASTING Summon Small Mammal
   744 | D:1      | 744 ||| CASTING Summon Small Mammal
   745 | D:1      | 745 ||| CASTING Summon Small Mammal
   755 | D:1      | 755 ||| CASTING Summon Small Mammal
   794 | D:1      | 794 ||| CASTING Summon Small Mammal
   795 | D:1      | 795 ||| CASTING Summon Small Mammal
   796 | D:1      | 796 ||| CASTING Summon Small Mammal
   889 | D:1      | 889 ||| CASTING Summon Small Mammal
   890 | D:1      | 890 ||| CASTING Summon Small Mammal
   891 | D:1      | 891 ||| CASTING Summon Small Mammal
   901 | D:1      | 901 ||| CASTING Summon Small Mammal
  1058 | D:1      | 1058 ||| CASTING Summon Small Mammal
  1059 | D:1      | 1059 ||| CASTING Summon Small Mammal
  1060 | D:1      | 1060 ||| CASTING Summon Small Mammal
  1066 | D:1      | 1066 ||| Stepping ~*~*~tactically~*~*~ (outnumbered).
  1070 | D:1      | 1070 ||| CASTING Summon Small Mammal
  1082 | D:1      | 1082 ||| CASTING Summon Small Mammal
  1244 | D:1      | 1244 ||| CASTING Summon Small Mammal
  1245 | D:1      | 1245 ||| CASTING Summon Small Mammal
  1246 | D:1      | 1246 ||| CASTING Summon Small Mammal
  1253 | D:1      | HP: 4/23 [gnoll/+0 spear (7)]
  1256 | D:1      | 1256 ||| CASTING Summon Small Mammal
  1257 | D:1      | HP: 1/23 [gnoll/+0 spear (3)]
  1259 | D:1      | Reached XP level 3. HP: 1/28 MP: 0/4
  1558 | D:1      | 1558 ||| SWAPPING to +0 hand axe.
  1559 | D:1      | 1559 ||| DROPPING +0 spear.
  1623 | D:1      | 1623 ||| CASTING Summon Small Mammal
  1625 | D:1      | 1625 ||| CASTING Summon Small Mammal
  1626 | D:1      | 1626 ||| CASTING Summon Small Mammal
  1666 | D:1      | 1666 ||| CASTING Summon Small Mammal
  1667 | D:1      | 1667 ||| CASTING Summon Small Mammal
  1668 | D:1      | 1668 ||| CASTING Summon Small Mammal
  1669 | D:1      | 1669 ||| CASTING Summon Small Mammal
  1719 | D:1      | 1719 ||| CASTING Summon Small Mammal
  1720 | D:1      | 1720 ||| CASTING Summon Small Mammal
  1721 | D:1      | 1721 ||| CASTING Summon Small Mammal
  1781 | D:1      | 1781 ||| CASTING Summon Small Mammal
  1782 | D:1      | 1782 ||| CASTING Summon Small Mammal
  1826 | D:1      | 1826 ||| CASTING Summon Small Mammal
  1827 | D:1      | 1827 ||| CASTING Summon Small Mammal
  1828 | D:1      | 1828 ||| CASTING Summon Small Mammal
  1829 | D:1      | 1829 ||| CASTING Summon Small Mammal
  1837 | D:1      | 1837 ||| CASTING Summon Small Mammal
  2007 | D:1      | 2007 ||| UPGRADING to +0 helmet.
  2012 | D:1      | 2012 ||| UPGRADING to +0 leather armour.
  2022 | D:1      | 2022 ||| DROPPING +0 robe.
  2023 | D:1      | 2023 ||| UPGRADING to ring of protection from cold.
  2024 | D:1      | 2024 ||| READING 2 scrolls labelled GAPPUSMYIXI.
  2025 | D:1      | 2025 ||| READING scroll of enchant weapon.
  2025 | D:1      | 2025 ||| ENCHANTING +1 hand axe.
  2026 | D:1      | 2026 ||| READING scroll labelled WUOMEO XUNATH.
  2127 | D:1      | 2127 ||| READING scroll labelled VUEKHO QENIOCA.
  2128 | D:1      | 2128 ||| READING scroll labelled SIEXTO APUBEM.
  2129 | D:1      | 2129 ||| DROPPING potion of magic.
  2157 | D:2      | 2157 ||| CASTING Summon Small Mammal
  2161 | D:2      | 2161 ||| STAIRDANCE
  2183 | D:2      | 2183 ||| CASTING Summon Small Mammal
  2184 | D:2      | 2184 ||| CASTING Summon Small Mammal
  2185 | D:2      | 2185 ||| CASTING Summon Small Mammal
  2186 | D:2      | 2186 ||| CASTING Summon Small Mammal
  2203 | D:2      | 2203 ||| CASTING Summon Small Mammal
  2205 | D:2      | 2205 ||| CASTING Summon Small Mammal
  2213 | D:2      | Reached XP level 4. HP: 36/36 MP: 0/5
  2227 | D:2      | 2227 ||| CASTING Summon Small Mammal
  2228 | D:2      | 2228 ||| CASTING Summon Small Mammal
  2244 | D:2      | 2244 ||| CASTING Summon Small Mammal
  2248 | D:2      | 2248 ||| CASTING Summon Small Mammal
  2355 | D:2      | 2355 ||| CASTING Summon Small Mammal
  2356 | D:2      | 2356 ||| CASTING Summon Small Mammal
  2357 | D:2      | 2357 ||| CASTING Summon Small Mammal
  2358 | D:2      | 2358 ||| CASTING Summon Small Mammal
  2359 | D:2      | 2359 ||| CASTING Summon Small Mammal
  2471 | D:2      | 2471 ||| Stepping ~*~*~tactically~*~*~ (hiding).
  2475 | D:2      | 2475 ||| CASTING Summon Small Mammal
  2477 | D:2      | 2477 ||| CASTING Summon Small Mammal
  2478 | D:2      | 2478 ||| CASTING Summon Small Mammal
  2479 | D:2      | 2479 ||| CASTING Summon Small Mammal
  2480 | D:2      | 2480 ||| CASTING Summon Small Mammal
  2542 | D:2      | 2542 ||| CASTING Summon Small Mammal
  2543 | D:2      | 2543 ||| CASTING Summon Small Mammal
  2544 | D:2      | 2544 ||| CASTING Summon Small Mammal
  2545 | D:2      | 2545 ||| CASTING Summon Small Mammal
  2546 | D:2      | 2546 ||| CASTING Summon Small Mammal
  2599 | D:2      | 2599 ||| CASTING Summon Small Mammal
  2600 | D:2      | 2600 ||| CASTING Summon Small Mammal
  2601 | D:2      | 2601 ||| CASTING Summon Small Mammal
  2602 | D:2      | 2602 ||| CASTING Summon Small Mammal
  2646 | D:2      | 2646 ||| CASTING Summon Small Mammal
  2647 | D:2      | 2647 ||| CASTING Summon Small Mammal
  2648 | D:2      | 2648 ||| CASTING Summon Small Mammal
  2649 | D:2      | 2649 ||| CASTING Summon Small Mammal
  2650 | D:2      | 2650 ||| CASTING Summon Small Mammal
  2774 | D:2      | 2774 ||| CASTING Summon Small Mammal
  2775 | D:2      | 2775 ||| CASTING Summon Small Mammal
  2776 | D:2      | 2776 ||| CASTING Summon Small Mammal
  2777 | D:2      | 2777 ||| CASTING Summon Small Mammal
  2778 | D:2      | 2778 ||| CASTING Summon Small Mammal
  2834 | D:2      | 2834 ||| CASTING Summon Small Mammal
  2835 | D:2      | 2835 ||| CASTING Summon Small Mammal
  2836 | D:2      | 2836 ||| CASTING Summon Small Mammal
  2837 | D:2      | 2837 ||| CASTING Summon Small Mammal
  2838 | D:2      | 2838 ||| CASTING Summon Small Mammal
  2894 | D:2      | Identified the +2 chain mail of Inference {rCorr Int-4
                  | Dex+5 SInv}
  2915 | D:2      | 2915 ||| CASTING Summon Small Mammal
  2916 | D:2      | 2916 ||| CASTING Summon Small Mammal
  2917 | D:2      | 2917 ||| CASTING Summon Small Mammal
  2918 | D:2      | 2918 ||| CASTING Summon Small Mammal
  2922 | D:2      | 2922 ||| CASTING Summon Small Mammal
  2925 | D:2      | 2925 ||| CASTING Summon Small Mammal
  2941 | D:2      | 2941 ||| Stepping ~*~*~tactically~*~*~ (stealth).
  2948 | D:2      | 2948 ||| Stepping ~*~*~tactically~*~*~ (stealth).
  2949 | D:2      | 2949 ||| Stepping ~*~*~tactically~*~*~ (stealth).
  3035 | D:2      | 3035 ||| CASTING Summon Small Mammal
  3036 | D:2      | 3036 ||| CASTING Summon Small Mammal
  3037 | D:2      | 3037 ||| CASTING Summon Small Mammal
  3038 | D:2      | 3038 ||| CASTING Summon Small Mammal
  3039 | D:2      | 3039 ||| CASTING Summon Small Mammal
  3204 | D:2      | 3204 ||| UPGRADING to +0 plate armour.
  3214 | D:2      | 3214 ||| DROPPING +0 leather armour.
  3215 | D:2      | 3215 ||| UPGRADING to +2 chain mail of Inference {rCorr
                  | Int-4 Dex+5 SInv}.
  3225 | D:2      | 3225 ||| DROPPING +0 plate armour.
  3226 | D:2      | 3226 ||| DROPPING +6 ring of intelligence.
  3227 | D:2      | 3227 ||| READING 3 scrolls labelled PUOCRY VASA.
  3228 | D:2      | 3228 ||| READING 3 scrolls labelled JOUTHIUPAO.
  3229 | D:2      | 3229 ||| READING scroll labelled YHOOT VEEL.
  3230 | D:2      | 3230 ||| READING 2 scrolls of identify.
  3230 | D:2      | 3230 ||| IDENTIFYING red potion
  3231 | D:2      | 3231 ||| DROPPING potion of invisibility.
  3232 | D:2      | 3232 ||| DROPPING 2 scrolls of fear.
  3266 | D:3      | 3266 ||| STAIRDANCE
  3299 | D:3      | 3299 ||| Stepping ~*~*~tactically~*~*~ (stealth).
  3307 | D:3      | HP: 8/36 [gnoll/+0 spear (7)]
  3308 | D:3      | HP: 2/36 [gnoll/+0 halberd (5)]
  3309 | D:3      | Slain by a gnoll

Levels and vault maps discovered:
D:1:      minmay_arrival_four_houses, layout_basic,
          chequers_ecumenical_altar_grove, skrybe_limestone_x, corner_web_ring,
          minmay_misc_feat_more_columns
D:2:      layout_rooms
D:3:      cheibrodos_fertilizer, layout_basic

Skill      XL: |  1  2  3 |
---------------+----------+-----
Axes           | 1 2 |  2.9
Fighting       | 1 2 |  2.0
Armour         | |  0.8
Dodging        | |  1.7
Stealth        | |  2.1
Spellcasting   | |  1.7
Summonings     | |  3.6

Action                   |  1- 3 |  4- 6 || total
-------------------------+-------+-------++-------
Melee: Unarmed           |     8 |       ||     8
       Club              |     3 |       ||     3
       Spear             |    39 |       ||    39
       Hand axe          |    25 |    34 ||    59
 Cast: Summon Small Mamm |    55 |    42 ||    97
  Use: Scroll            |     5 |     4 ||     9
Armor: Robe              |    12 |       ||    12
       Leather armour    |     8 |     6 ||    14
       Chain mail        |       |     7 ||     7
Dodge: Dodged            |    46 |    15 ||    61

Table legend:
 A = Non-vault XP
 B = Vault XP
 C = Vault XP percentage of total XP
 D = Non-vault monster count
 E = Vault monster count
 F = Vault count percentage of total count
                 A         B        C        D         E       F
            +---------+---------+-------+---------+---------+-------
      Total |     138 |       0 |   0.0 |      44 |       0 |   0.0
            +---------+---------+-------+---------+---------+-------
        D:1 |      54 |       0 |   0.0 |      23 |       0 |   0.0
        D:2 |      65 |       0 |   0.0 |      17 |       0 |   0.0
        D:3 |      19 |       0 |   0.0 |       4 |       0 |   0.0
            +---------+---------+-------+---------+---------+-------
